 Dungeon Crawl Stone Soup version 0.27.1-2-g3b301248ec (webtiles) character file.

Game seed: 3415779015235453562

79 H0rd4k the Charlatan (level 4, -1/32 HPs)
             Began as a Human Artificer on Sept 27, 2021.
             Slain by a bullfrog (4 damage)
             ... on level 4 of the Dungeon.
             The game lasted 00:06:35 (5226 turns).

H0rd4k the Charlatan (Human Artificer)              Turns: 5226, Time: 00:06:36

Health: -1/32      AC:  3    Str: 14    XL:     4   Next: 64%
Magic:  4/4        EV: 11    Int: 11    God:
Gold:   154        SH:  0    Dex: 13    Spells: 1/3 levels left

rFire    x . .     SeeInvis .   p - +0 falchion
rCold    + . .     Faith    .   (no shield)
rNeg     . . .     Spirit   .   b - +0 leather armour
rPois    .         Reflect  .   (no helmet)
rElec    .         Harm     .   (no cloak)
rCorr    .         Rampage  .   (no gloves)
Will     .....                  (no boots)
Stlth    +.........             (no amulet)
HPRegen  0.10/turn              n - ring of ice
MPRegen  0.09/turn              (no ring)

@: no status effects
A: no striking features
a: no special abilities


You were on level 4 of the Dungeon.
You visited 1 branch of the dungeon, and saw 4 of its levels.

You collected 154 gold pieces.

Inventory:

Hand Weapons
 g - a +0 dagger
 o - a +0 hunting sling
 p - a +0 falchion (weapon)
Armour
 b - a +0 leather armour (worn)
Jewellery
 n - a ring of ice (left hand)
Wands
 d - a wand of charming (9)
Scrolls
 c - a scroll of enchant weapon {unknown}
 j - 2 scrolls of identify {unknown}
 k - a scroll of teleportation {unknown}
 m - a scroll of immolation {unknown}
 q - a scroll of fear {unknown}
Potions
 a - 2 potions of heal wounds {unknown}
 f - a potion of flight {unknown}
 h - a potion of degeneration {unknown}
 i - 2 potions of might {unknown}
 l - a potion of curing {unknown}
Miscellaneous
 e - a piece from Xom's chessboard (14/15)


   Skills:
 + Level 1.3 Fighting
 + Level 1.3 Short Blades
 + Level 0.6 Maces & Flails
 + Level 2.5 Armour
 + Level 1.4 Dodging
 + Level 1.1 Stealth
 * Level 0.4 Spellcasting
 * Level 0.6 Poison Magic
 + Level 3.7 Evocations


You had one spell level left.
You knew the following spells:

 Your Spells              Type           Power      Damage    Failure   Level
a - Poisonous Vapours     Pois/Air       0%         N/A       50%         2

Your spell library contained the following spells:

 Spells                   Type           Power      Damage    Failure   Level
 Sting                    Tmut/Pois      0%         1d3       36%         1
 Ignite Poison            Fire/Tmut/Pois 0%         N/A       75%         3
 Mephitic Cloud           Conj/Pois/Air  0%         N/A       75%         3
 Olgreb's Toxic Radiance  Pois           1%         N/A       97%         4
 Bolt of Magma            Conj/Fire/Erth 0%         4d4       100%        5


Dungeon Overview and Level Annotations

Branches:
Dungeon (4/15)             Temple (0/1) D:4

Altars:
Makhleb
Qazlal
Vehumet

Annotations:
D:2 exclusion: worm
D:3 exclusions: 2 orc priests and sky beast
D:4 exclusion: iguana, Eustachio


Message History

The endoplasm quivers.
Found a scroll labelled ERUAMA BUNIFOCH.
You hit the endoplasm.
The endoplasm is almost dead.
The endoplasm freezes you.
You are frozen.
You resist.
You hit the endoplasm.
You kill the endoplasm!
Okay, then.
Okay, then.
The bullfrog gives a loud, deep croak!
The bullfrog hits you.
You closely miss the bullfrog. The bullfrog barely misses you.
You hit the bullfrog.
The bullfrog is lightly wounded.
The bullfrog barely misses you. The bullfrog hits you.
You hit the bullfrog.
The bullfrog is moderately wounded.
The bullfrog barely misses you. The bullfrog hits you.
You slash the bullfrog!
The bullfrog is severely wounded.
The bullfrog hits you.
The bullfrog hits you but does no damage.
You hit the bullfrog.
The bullfrog is severely wounded.
The bullfrog hits you.
The bullfrog hits you but does no damage.
You closely miss the bullfrog.
The bullfrog is severely wounded.
The bullfrog hits you. The bullfrog hits you!
* * * LOW HITPOINT WARNING * * *
You closely miss the bullfrog.
The bullfrog is severely wounded.
The bullfrog hits you.
* * * LOW HITPOINT WARNING * * *
The bullfrog barely misses you.
You closely miss the bullfrog.
The bullfrog is severely wounded.
The bullfrog closely misses you. The bullfrog hits you.
You die...

................ .#....'....
.........####... #.#....###'#
.........# #... #.#.........
......)..# #.# #.#......... #.#
##.#......... +#.#+
##..'.........
..###...###...#.........
......8............#####
..###..@###........'.... ..
+#.#F.##.......#.... ...
#.#B..##......#.... .@.......#
##.##...#......##### '#.....#.#
##...##.?#.##'###....
.'.....#.####.....####...........
#.....#.........................
#.....#....#.....#[.............
#.....#....#.....#..............


You could see a bullfrog and a giant cockroach.

Vanquished Creatures
  An adder (D:2)
  3 worms
  A dart slug (D:1)
  3 orcs
  6 bats
  5 endoplasms
  2 giant cockroaches
  2 goblins (D:3)
  5 hobgoblins
  6 kobolds
  4 quokkas
  8 ball pythons
  3 frilled lizards
  A rat (D:1)
50 creatures vanquished.

Vanquished Creatures (collateral kills)
  An orc (D:2)
  A bat (D:2)
  A goblin (D:1)
  A frilled lizard (D:1)
4 creatures vanquished.

Vanquished Creatures (others)
  An orc (D:2)
  A kobold (D:1)
  A withered plant (D:1)
3 creatures vanquished.

Grand Total: 57 creatures vanquished

Notes
Turn   | Place    | Note
-------+----------+-------------------------------------------
     0 | D:1      | H0rd4k the Human Artificer began the quest for the Orb.
     0 | D:1      | Reached XP level 1. HP: 15/15 MP: 1/1
   180 | D:1      | Reached XP level 2. HP: 7/21 MP: 2/2
   437 | D:1      | Found a faded altar of an unknown god.
   895 | D:1      | Reached XP level 3. HP: 23/26 MP: 3/3
  1748 | D:2      | Reached skill level 1 in Short Blades
  2339 | D:2      | Reached XP level 4. HP: 5/32 MP: 4/4
  2978 | D:3      | Learned a level 2 spell: Poisonous Vapours
  3085 | D:3      | HP: 1/32 [orc (8)]
  4311 | D:3      | Found a stormy altar of Qazlal.
  4315 | D:3      | Found a radiant altar of Vehumet.
  4319 | D:3      | Found a burning altar of Makhleb.
  4334 | D:3      | Noticed a sky beast
  4527 | D:4      | HP: 1/32 [orc priest (5)]
  4856 | D:4      | Found a staircase to the Ecumenical Temple.
  5192 | D:4      | Noticed Eustachio
  5208 | D:4      | Noticed a bullfrog
  5226 | D:4      | Slain by a bullfrog

Illustrated notes

Levels and vault maps discovered:
D:1:      dpeg_arrival_three_smaller_balls, layout_basic,
          ebering_ecumenical_altar_petrified, solitary_fountain,
          grunt_decor_fettered, chequers_serial_rivers_micro_e,
          minmay_misc_feat_square, dk_noncrumbling_2
D:2:      layout_loops_corners
D:3:      layout_loops_ring, grunt_temple_overflow_diamond,
          minmay_misc_feat_enclosed
D:4:      cheibrodos_barr_body, layout_gridville,
          nicolae_overflow_hidden_temple, temple_statues, uniq_eustachio

Skill      XL: |  1  2  3 |
---------------+----------+-----
Short Blades   | 1 |  1.3
Fighting       | |  1.3
Maces & Flails | |  0.6
Armour         | |  2.5
Dodging        | |  1.4
Stealth        | |  1.1
Spellcasting   | |  0.4
Poison Magic   | |  0.6
Evocations     | |  3.7

Action                   |  1- 3 |  4- 6 || total
-------------------------+-------+-------++-------
Melee: Club              |    13 |       ||    13
       Dagger            |   116 |    90 ||   206
       Falchion          |       |    33 ||    33
Evoke: Wand              |    11 |    10 ||    21
       Piece from Xom's  |     1 |     1 ||     2
 Stab: Sleeping          |     3 |       ||     3
Armor: Leather armour    |    32 |    34 ||    66
Dodge: Dodged            |    83 |    69 ||   152
       Rpst.: Falchion   |       |     5 ||     5
